 Dungeon Sprint DCSS version 0.27-a0-1071-ga85bd9520d (webtiles) character file.

Game seed: 16988617871054298120

2589 mhtbhm the Scorcher (level 9, -1/45 HPs)
             Began as a Deep Elf Fire Elementalist on Apr 24, 2021.
             Was a Believer of Vehumet.
             Slain by a vault warden
             ... wielding a +3 long sword
              (40 damage)
             ... in the Dungeon (Sprint V: "Ziggurat Sprint").
             The game lasted 00:03:10 (301 turns).

mhtbhm the Scorcher (Deep Elf Fire Elementalist)     Turns: 301, Time: 00:03:11

Health: -1/45      AC:  5    Str:  5    XL:     9   Next: 33%
Magic:  3/27       EV: 17    Int: 36    God:    Vehumet [**....]
Gold:   0          SH:  0    Dex: 15    Spells: 16/32 levels left

rFire    + . .     SeeInvis .   C - +8 lance "Wyrmbane" {slay drac, rPois rF+ rC+ AC+3}
rCold    + . .     Faith    .   (no shield)
rNeg     . . .     Spirit   .   a - +0 robe
rPois    +         Reflect  .   (no helmet)
rElec    .         Harm     .   (no cloak)
rCorr    .         Rampage  .   (no gloves)
Will     .....     NoTele   +   (no boots)
Stlth    +++.......             r - amulet of regeneration
HPRegen  1.15/turn              u - +6 ring of intelligence
MPRegen  0.20/turn              v - +6 ring of intelligence

@: no status effects
A: no striking features
a: Renounce Religion


You were in the Dungeon.
You worshipped Vehumet.
Vehumet was pleased with you.
You visited 1 branch

Inventory:

Hand Weapons
 C - the +8 lance "Wyrmbane" (weapon) {slay drac, rPois rF+ rC+ AC+3}
   (You found it in the Dungeon)

   It affects your AC (+3).
   It protects you from fire.
   It protects you from cold.
   It protects you from poison.
Armour
 a - a +0 robe (worn)
Jewellery
 r - an amulet of regeneration (around neck)
 u - a +6 ring of intelligence (left hand)
 v - a +6 ring of intelligence (right hand)
Wands
 y - a wand of mindburst (6)
 A - a wand of acid (2)
Scrolls
 m - 4 scrolls of amnesia
 n - 7 scrolls of fog
 o - a scroll of holy word
 p - 5 scrolls of identify
 q - 2 scrolls of fear
Potions
 b - 2 potions of brilliance
 c - 10 potions of curing
 d - 7 potions of heal wounds
 e - 6 potions of haste
 f - 7 potions of magic
 g - 3 potions of berserk rage
 i - 2 potions of invisibility
 j - 4 potions of resistance
 k - a potion of experience
 l - 5 potions of might
Miscellaneous
 B - a lightning rod (4/4)


   Skills:
 + Level 10.0 Dodging
 - Level 4.1 Stealth
 + Level 12.0 Spellcasting
 + Level 4.1 Conjurations
 + Level 16.4 Fire Magic
 + Level 7.7 Evocations


You had 16 spell levels left.
You knew the following spells:

 Your Spells              Type           Power      Damage    Failure   Level
a - Foxfire               Conj/Fire      100%       2x1d9     1%          1
b - Conjure Flame         Conj/Fire      77%        6-21      1%          3
c - Inner Flame           Hex/Fire       69%        N/A       1%          3
d - Sticky Flame          Conj/Fire      77%        2d9       1%          4
e - Fireball              Conj/Fire      38%        3d16      1%          5

Your spell library contained the following spells:

 Spells                   Type           Power      Damage    Failure   Level
 Freeze                   Ice            84%        1d10      1%          1
 Ignite Poison            Fire/Tmut/Pois 57%        N/A       1%          3
 Summon Lightning Spire   Summ/Air       21%        N/A       19%         4
 Lightning Bolt           Conj/Air       18%        1d32      22%         5
 Freezing Cloud           Conj/Ice/Air   15%        6-21      86%         6


Dungeon Overview and Level Annotations

Branches:
Dungeon (1/1)

Altars:
Ashenzari
Cheibriados
Dithmenos
Elyvilon
Fedhas
Gozag
Hepliaklqana
Kikubaaqudgha
Makhleb
Nemelex Xobeh
Okawaru
Qazlal
Ru
Sif Muna
Trog
Uskayaw
Vehumet
Wu Jian
Xom
Yredelemnul
Zin
The Shining One
Beogh
Jiyva
Lugonu

Annotations:
D 1 transporter


Message History

You feel much better.
Unknown command.
Aiming: Corrosive Bolt
Press: ? - help, Shift-Dir - straight line, f/p - vault sentinel
Aim: a vault sentinel, wielding a +0 war axe and wearing a +0 ring mail (almost dead, sheltered from injuries, catching its breath, covered in acid, 67% to hit)
The bolt of acid hits the vault warden!
The vault warden is splashed with acid.
The acid corrodes the vault warden!
The vault warden is moderately wounded.
The bolt of acid hits the vault sentinel!
The vault sentinel is splashed with acid.
The vault sentinel seems to be corroded for longer.
You kill the vault sentinel!
Vehumet accepts your kill.
You feel your power returning.
The ironbound preserver mumbles some strange words.
The ironbound preserver is healed somewhat.
Your Dodging skill increases to level 10!
Your Spellcasting skill increases to level 12!
Your Conjurations skill increases to level 4!
Unknown command.
Unknown command.
Casting: Fireball (dangerous; 1% risk of failure)
Confirm with . or Enter, or press ? or * to list all spells.
You don't have enough magic to cast this spell.
Aiming: Mindburst
Press: ? - help, Shift-Dir - straight line, f - vault warden
Aim: a vault warden, wielding a +3 long sword, wearing a +0 chain mail and wearing a +0 tower shield (moderately wounded, sheltered from injuries, covered in acid, chance to affect: 60%)
The vault warden resists with significant effort.
The vault warden hits you with a +3 long sword!!
Ouch! That really hurt!
* * * LOW HITPOINT WARNING * * *
The ironbound preserver casts a spell.
The ironbound preserver is healed somewhat.
Unknown command.
Unknown command.
Okay, then.
You feel much better.
The vault warden hits you with a +3 long sword!!!
Ouch! That really hurt!
You die...

▓▓▓▓▓▓▓▓▓▓▓▓▓▓▓▓▓▓▓
▓.8©8@▓.8©8.▓.8©8.▓
▓.[|=p▓.)}).▓.....▓
▓..)p)▓..).)▓.....▓
▓..)..▓..)..▓.....▓
▓.....▓.....▓..†..▓
▓.....▓.....▓..©..▓
▓..©..▓..©..▓▓▓▓▓▓▓
▓▓▓▓▓▓▓▓▓▓▓▓▓


You could see an ironbound preserver and a vault warden (sheltered, corroded).

Vanquished Creatures
  An ironbound preserver (D)
  3 draconians (D)
  A vault sentinel (D)
  A hell hound (D)
  A fire vortex (D)
7 creatures vanquished.

Notes
Turn   | Place    | Note
-------+----------+-------------------------------------------
     0 | D        | mhtbhm the Deep Elf Fire Elementalist began the quest for
                  | the Orb.
     0 | D        | Reached XP level 1. HP: 10/10 MP: 6/6
     0 | D        | Found a shimmering blue altar of Sif Muna.
     0 | D        | Found a bloodstained altar of Trog.
     0 | D        | Found a sacrificial altar of Ru.
     0 | D        | Found a stormy altar of Qazlal.
     0 | D        | Found an iron altar of Okawaru.
     1 | D        | Found a sparkling altar of Nemelex Xobeh.
     1 | D        | Found a blossoming altar of Fedhas.
     2 | D        | Found the +6 Majin-Bo {vamp, MP+6 Int+6}
     2 | D        | Found the +9 heavy crossbow "Sniper" {vorpal, Acc+∞ SInv}
     2 | D        | Found the +10 dark maul {vorpal}
     2 | D        | Found the +15 Maxwell's patent armour {-Cast -Tele rElec
                  | Will+ rCorr}
     2 | D        | Found the +18 shield of the Gong {rElec rN+ Will+ EV-5}
     2 | D        | Found the +14 obsidian axe {vorpal, Drain Fly SInv}
     2 | D        | Found the +7 great mace "Firestarter" {inner flame, rF++}
     2 | D        | Found the +6 shillelagh "Devastator" {shatter}
     2 | D        | Found the +11 plutonium sword {Contam Stlth-}
     2 | D        | Found the +8 lance "Wyrmbane" {slay drac, rPois rF+ rC+
                  | AC+3}
     2 | D        | Found the +9 sword of Zonguldrok {reap}
     2 | D        | Found the +13 scythe of Curses {drain, Drain}
     2 | D        | Found the +5 sword of Power {vorpal}
     2 | D        | Found the +7 mace of Variability {chain chaos}
     2 | D        | Found the +7 Singing Sword {vorpal, sonic wave}
     2 | D        | Found the +8 storm bow {elec, penet}
     3 | D        | Found a transporter.
     3 | D        | Found an ancient bone altar of Kikubaaqudgha.
     3 | D        | Found a viscous altar of Jiyva.
     3 | D        | Found a corrupted altar of Lugonu.
     3 | D        | Found a hazy altar of Hepliaklqana.
     3 | D        | Found a burning altar of Makhleb.
     3 | D        | Found an opulent altar of Gozag.
    35 | D        | Became a worshipper of Vehumet
    59 | D        | Entered arena 2.
    59 | D        | Noticed a hell hound
    59 | D        | Found a transporter.
    62 | D        | Killed a hell hound
    63 | D        | Reached skill level 5 in Spellcasting
    63 | D        | Reached skill level 7 in Fire Magic
    63 | D        | Reached skill level 1 in Evocations
    63 | D        | Reached XP level 2. HP: 10/15 MP: 6/10
    63 | D        | Reached XP level 3. HP: 13/19 MP: 7/12
    63 | D        | Reached XP level 4. HP: 16/24 MP: 7/13
    67 | D        | Learned a level 3 spell: Conjure Flame
    71 | D        | Learned a level 3 spell: Inner Flame
    76 | D        | Learned a level 4 spell: Sticky Flame
    83 | D        | Got the Compendium of Aerial Heat
   158 | D        | Entered arena 3.
   158 | D        | Noticed a draconian
   158 | D        | Noticed a draconian
   158 | D        | Noticed a draconian
   158 | D        | Found a transporter.
   159 | D        | Identified the +10 rapier of Modesty {vorpal, rF- Will+
                  | Str+4 Dex+2}
   167 | D        | Killed a draconian
   167 | D        | Reached * piety under Vehumet
   167 | D        | Offered knowledge of Freeze by Vehumet.
   167 | D        | HP: 1/24 [draconian/+2 spear of venom (15)]
   168 | D        | Reached skill level 11 in Fire Magic
   168 | D        | Reached XP level 5. HP: 2/28 MP: 14/18
   168 | D        | Reached XP level 6. HP: 2/32 MP: 14/19
   170 | D        | Killed a draconian
   171 | D        | Reached skill level 13 in Fire Magic
   171 | D        | Reached skill level 5 in Evocations
   171 | D        | Reached XP level 7. HP: 36/36 MP: 15/22
   172 | D        | Killed a draconian
   173 | D        | Reached skill level 10 in Spellcasting
   173 | D        | Reached skill level 14 in Fire Magic
   173 | D        | Reached XP level 8. HP: 41/41 MP: 16/24
   287 | D        | Learned a level 5 spell: Fireball
   290 | D        | Entered arena 4.
   290 | D        | Noticed a vault sentinel
   290 | D        | Noticed a vault warden
   290 | D        | Noticed an ironbound preserver
   290 | D        | Noticed an ironbound preserver
   290 | D        | Found a transporter.
   291 | D        | Upgraded the game from 0.27-a0-1065-ge809cff456 to
                  | 0.27-a0-1071-ga85bd9520d
   297 | D        | Killed an ironbound preserver
   297 | D        | Reached ** piety under Vehumet
   298 | D        | Reached skill level 16 in Fire Magic
   298 | D        | Reached XP level 9. HP: 16/45 MP: 0/26
   299 | D        | Killed a vault sentinel
   300 | D        | Reached skill level 10 in Dodging
   301 | D        | Slain by a vault warden

Illustrated notes

Levels and vault maps discovered:
D:        sprint_v [room_start, room_1, room_2, room_3, room_4, room_5, room_6,
          room_7, room_8, room_9, room_10, room_11, room_12, room_13, room_14,
          room_15, room_16, room_17, room_18, room_19, room_20, room_21,
          room_22, room_23, room_24, room_25, room_26, room_27]

Skill      XL: |  1  2  3  4  5  6  7  8  9 |
---------------+----------------------------+-----
Dodging        | 4 7 8 9 10 | 10.0
Stealth        | 4 |  4.1
Spellcasting   | 5 8 9 10 11 12 | 12.0
Fire Magic     | 7 11 13 14 16 | 16.4
Evocations     | 1 4 5 7 |  7.7
Conjurations   | 2 3 4 |  4.1

Action                   |  1- 3 |  4- 6 |  7- 9 || total
-------------------------+-------+-------+-------++-------
 Cast: Fireball          |       |       |     5 ||     5
Evoke: Wand              |     3 |     7 |     3 ||    13
       Lightning rod     |       |     1 |     2 ||     3
  Use: Scroll            |       |     3 |     1 ||     4
       Potion            |       |     1 |     2 ||     3
Dodge: Dodged            |     2 |     1 |       ||     3

Table legend: (Time is in decaauts)
 A = Elapsed time spent in this place.
 B = Non-inter-level travel time spent in this place.
 C = Inter-level travel time spent in this place.
 D = Time resting spent in this place.
 E = Time spent auto-exploring this place.
 F = Levels seen in this place.
 G = Mean time per level.
                   A        B        C        D        E       F      G
               +--------+--------+--------+--------+--------+-----+--------+
         Total |    299 |    299 |      0 |    166 |      0 |   1 |  299.0 |
       Dungeon |    299 |    299 |      0 |    166 |      0 |   1 |  299.0 |
               +--------+--------+--------+--------+--------+-----+--------+

Top non-repeatable levels by time:
       D: 299 daAuts
